 Dungeon Crawl Stone Soup version 0.28-a0-1334-g1c9ffb4daf (webtiles) character file.

Game seed: 4763878965314768203

8802 HessuHobo the Grappler (level 11, 0/109 HPs)
             Began as a Troll Monk on Dec 28, 2021.
             Was an Elder of Wu Jian.
             Slain by a vampire (11 damage)
             ... on level 10 of the Dungeon.
             The game lasted 00:29:28 (11148 turns).

HessuHobo the Grappler (Troll Monk)                Turns: 11148, Time: 00:29:29

Health: 0/109      AC:  8    Str: 23    XL:     11   Next: 14%
Magic:  10/10      EV: 12    Int:  6    God:    Wu Jian [****..]
Gold:   589        SH:  0    Dex: 14    Spells: 10/10 levels left

rFire   . . .      SeeInvis .     - Unarmed
rCold   . . .      Faith    .   (no shield)
rNeg    . . .      Spirit   .   a - +0 robe
rPois   .          Reflect  .   (helmet restricted)
rElec   .          Harm     .   (no cloak)
rCorr   .          Rampage  .   (gloves unavailable)
Will    .....                   (boots unavailable)
Stlth   ++........              q - amulet of regeneration
HPRegen 1.88/turn               l - +4 ring of protection
MPRegen 0.12/turn               (no ring)

@: no status effects
A: large, unfitting armour, claws 3, regeneration 1, shaggy fur 1, tough skin 1
a: Renounce Religion, Wall Jump, Serpent's Lash


You were on level 10 of the Dungeon.
You worshipped Wu Jian.
Wu Jian was greatly pleased with you.
You visited 1 branch of the dungeon, and saw 11 of its levels.
You also visited: Bailey.

You collected 589 gold pieces.

Inventory:

Hand Weapons
 f - a +0 hunting sling
Missiles
 c - 66 poisoned darts
 g - 223 stones
 t - 3 boomerangs of dispersal
 y - 4 boomerangs (quivered)
Armour
 a - a +0 robe (worn)
Jewellery
 b - an amulet of faith
 l - a +4 ring of protection (left claw)
 m - an amulet of magic regeneration
 q - an amulet of regeneration (around neck)
 w - the amulet of the Air {Inacc Air Fly rElec RMsl}
   (You found it on level 6 of the Dungeon)

   [amulet of nothing]

   It reduces the accuracy of all your attacks.
   It enhances your air magic.
   rElec:     It insulates you from electricity.
   Fly:       It grants you flight.
   RMsl:      It protects you from missiles.
 E - a +4 ring of slaying
 G - a ring of positive energy
 J - a ring of see invisible
 L - a +4 ring of slaying
Wands
 d - a wand of paralysis (13)
 s - a wand of mindburst (16)
 z - a wand of charming (8)
 D - a wand of polymorph (8)
 O - a wand of iceblast (4)
 P - a wand of digging (3)
Scrolls
 e - a scroll of silence {unknown}
 j - a scroll of enchant armour {unknown}
 n - a scroll of fear {unknown}
 p - 3 scrolls of immolation
 r - 2 scrolls of amnesia {unknown}
 v - 4 scrolls of blinking
 A - a scroll of vulnerability {unknown}
 B - 4 scrolls of enchant weapon
 F - 2 scrolls of teleportation
 I - a scroll of holy word {unknown}
 K - a scroll of summoning {unknown}
 N - a scroll of identify
Potions
 h - 2 potions of ambrosia
 i - 3 potions of heal wounds
 k - 8 potions of curing
 o - a potion of resistance
 u - 2 potions of magic
 x - a potion of degeneration {unknown}
 C - a potion of flight {unknown}
 H - a potion of cancellation {unknown}
Miscellaneous
 M - a piece from Xom's chessboard (15/15)


   Skills:
 + Level 7.1 Fighting
 + Level 6.9 Throwing
 + Level 7.0 Dodging
 - Level 1.0 Stealth
 * Level 11.4 Unarmed Combat


You had 10 spell levels left.
You didn't know any spells.
Your spell library contained the following spells:

 Spells                   Type           Power      Damage    Failure   Level
 Animate Skeleton         Necr           0%         N/A       45%         1
 Apportation              Tloc           0%         N/A       45%         1
 Shock                    Conj/Air       0%         1d3       45%         1
 Sting                    Tmut/Pois      0%         1d3       45%         1
 Summon Small Mammal      Summ           0%         N/A       45%         1
 Poisonous Vapours        Pois/Air       0%         N/A       58%         2
 Gell's Gravitas          Tloc           0%         N/A       83%         3
 Lesser Beckoning         Tloc           0%         N/A       83%         3
 Swiftness                Air            0%         N/A       83%         3
 Teleport Other           Tloc           0%         N/A       83%         3
 Tukima's Dance           Hex            0%         N/A       83%         3
 Airstrike                Air            0%         N/A       99%         4
 Animate Dead             Necr           0%         N/A       99%         4
 Olgreb's Toxic Radiance  Pois           0%         N/A       99%         4
 Passage of Golubria      Tloc           0%         N/A       99%         4
 Borgnjor's Vile Clutch   Necr/Erth      0%         N/A       100%        5
 Yara's Violent Unravell  Hex/Tmut       0%         3d3       100%        5
 Death Channel            Necr           0%         N/A       100%        6


Dungeon Overview and Level Annotations

Branches:
Dungeon (11/15)            Temple (0/1) D:5          Bailey (visited)
   Lair: D:8-11         Orc: D:9-12

Altars:
Ashenzari
Cheibriados
Elyvilon
Fedhas
Kikubaaqudgha
Makhleb
Nemelex Xobeh
Ru
Trog
Uskayaw
Wu Jian
Zin
The Shining One
Beogh

Shops:
D:7 (

Annotations:
D:2 exclusion: downstairs
D:7 exclusion: downstairs
D:9 exclusion: orange crystal statue
D:11 1 exclusion, Erolcha


Innate Abilities, Weirdness & Mutations

You are too large for most types of armour.
You have claws for hands.
Your natural rate of healing is unusually fast.
You are covered in fur. (AC +1)
You have tough skin. (AC +1)


Message History

Something draws strength from your injuries!
You scratch something but do no damage. Something hits you.
Something bites you!
Something draws strength from your injuries!
You barely miss something. Something hits you. Something bites you!
* * * LOW HITPOINT WARNING * * *
Something draws strength from your injuries!
Aiming: Wall Jump
Press: ? - help, Dir - move target You are no longer corroded.
Something hits you!
* * * LOW HITPOINT WARNING * * *
Something bites you but does no damage. Something hits you!
* * * LOW HITPOINT WARNING * * *
Something bites you but does no damage.
You barely miss something. You scratch something. You claw something!
Something hits you.
* * * LOW HITPOINT WARNING * * *
Something bites you.
* * * LOW HITPOINT WARNING * * *
Something draws strength from your injuries!
You feel much better. Something hits you but does no damage.
Something bites you.
* * * LOW HITPOINT WARNING * * *
Something draws strength from your injuries!
You claw something! Something draws life force from you!!
* * * LOW HITPOINT WARNING * * *
You feel much better. Something hits you but does no damage.
Something bites you.
* * * LOW HITPOINT WARNING * * *
Something draws strength from your injuries!
You miss something. Something hits you.
* * * LOW HITPOINT WARNING * * *
Something bites you!
* * * LOW HITPOINT WARNING * * *
Something draws strength from your injuries!
You closely miss something. Something hits you!
* * * LOW HITPOINT WARNING * * *
Something bites you!
You die...

#.........#.........###...##
###########..............##
#........##############
#........).....#.......
###...########.#.#####.
###...####...#.#.#..[#.
#........#.#.).#.#.#...
#........#.#####.#.####
#.....@{.#.).....#.....
#......>.##############
#........# #........#
#........# #........#
##########


There were no monsters in sight!

Vanquished Creatures
  A two-headed ogre (D:10)
  Pikel (D:5)
  An orc knight (Bailey)
  A komodo dragon (D:10)
  2 hornets (D:8)
  Grinder (D:3)
  Sigmund (D:2)
  2 shadows
  A vampire (D:10)
  2 wyverns
  A wraith (D:9)
  3 yaks (D:9)
  Eustachio (D:4)
  The ghost of fly the Sneak, an amateur FoDe (D:3)
  A steam dragon (D:10)
  An acid dragon (D:10)
  Duvessa (D:6)
  7 orc warriors
  A sky beast (D:6)
  2 black bears
  A necrophage (D:6)
  2 hornet zombies (D:8)
  2 ogres
  4 centaurs
  A lemure (D:5)
  2 phantoms
  A kobold brigand (D:9)
  Blork the orc (D:5)
  A bullfrog (D:8)
  4 scorpions
  2 water moccasin zombies (D:5)
  Dowan (D:6)
  A water moccasin skeleton (D:5)
  8 killer bees
  5 wights (D:9)
  3 vampire bats (D:3)
  4 howler monkeys
  A bullfrog zombie (D:5)
  3 jellies
  6 orc priests
  2 hounds (D:6)
  A centaur skeleton (D:6)
  2 gnoll shamans
  A bullfrog skeleton (D:5)
  5 iguanas
  5 orc wizards
  A hound skeleton (D:5)
  Robin (D:4)
  A howler monkey zombie (D:6)
  9 gnolls
  2 howler monkey skeletons
  6 adders
  An ufetubus (D:5)
  An adder skeleton (D:4)
  3 dart slugs
  61 orcs
  2 bats
  4 bat skeletons (D:3)
  A bat zombie (D:3)
  5 endoplasms
  5 giant cockroaches
  16 goblins
  7 hobgoblins
  8 jackals
  15 kobolds
  4 quokkas
  7 ball pythons
  2 frilled lizards
  A rat (D:3)
264 creatures vanquished.

Vanquished Creatures (others)
  2 orc wizards (D:6)
  48 plants
50 creatures vanquished.

Grand Total: 314 creatures vanquished

Notes
Turn   | Place    | Note
-------+----------+-------------------------------------------
     0 | D:1      | HessuHobo the Troll Monk began the quest for the Orb.
     0 | D:1      | Reached XP level 1. HP: 22/22 MP: 0/0
   121 | D:1      | Reached XP level 2. HP: 29/29 MP: 1/1
   792 | D:2      | You fall into a shaft and drop 2 floors!
   799 | D:4      | Noticed Robin
   846 | D:3      | Noticed Grinder
   846 | D:3      | Noticed a scorpion
   960 | D:3      | Reached XP level 3. HP: 36/36 MP: 2/2
  1081 | D:2      | Found a faded altar of an unknown god.
  1268 | D:2      | Found an ornate altar of the Wu Jian Council.
  1284 | D:2      | Became a worshipper of the Wu Jian Council
  1284 | D:2      | Reached * piety under Wu Jian
  1284 | D:2      | Reached ** piety under Wu Jian
  1617 | D:2      | Noticed Sigmund
  1711 | D:3      | Killed a scorpion
  1712 | D:3      | Reached skill level 1 in Throwing
  1712 | D:3      | Reached skill level 4 in Unarmed Combat
  1712 | D:3      | Reached XP level 4. HP: 37/45 MP: 3/3
  2094 | D:3      | Reached XP level 5. HP: 53/53 MP: 4/4
  2109 | D:3      | Found an ancient bone altar of Kikubaaqudgha.
  2177 | D:3      | Found a runed translucent door.
  2214 | D:3      | Noticed fly's ghost (amateur FoDe)
  2284 | D:3      | Reached XP level 6. HP: 61/61 MP: 5/5
  2571 | D:3      | Paralysed by Grinder for 4 turns
  2580 | D:3      | Paralysed by Grinder for 7 turns
  2591 | D:3      | Killed Grinder
  2592 | D:3      | Reached skill level 5 in Unarmed Combat
  2794 | D:3      | Killed fly's ghost
  2795 | D:3      | Reached XP level 7. HP: 32/68 MP: 6/6
  3079 | D:4      | Killed Robin
  3079 | D:4      | Reached *** piety under Wu Jian
  3080 | D:4      | Reached skill level 6 in Unarmed Combat
  3776 | D:5      | Entered Level 5 of the Dungeon
  3805 | D:5      | Noticed Pikel
  3825 | D:5      | Killed Pikel
  3826 | D:5      | Reached skill level 7 in Unarmed Combat
  3826 | D:5      | Reached XP level 8. HP: 22/79 MP: 7/7
  4088 | D:5      | Noticed Eustachio
  4129 | D:4      | Killed Eustachio
  4204 | D:5      | Reached skill level 5 in Fighting
  4323 | D:5      | Reached skill level 5 in Dodging
  4332 | D:5      | Found a staircase to the Ecumenical Temple.
  4342 | D:5      | Reached skill level 8 in Unarmed Combat
  4395 | D:5      | Reached XP level 9. HP: 88/88 MP: 8/8
  4542 | D:5      | Noticed Blork the orc
  4547 | D:5      | Killed Blork the orc
  4852 | D:6      | Found a large runed translucent door.
  4853 | D:6      | Found a large runed translucent door.
  4886 | D:6      | Found a sacrificial altar of Ru.
  4892 | D:6      | Reached **** piety under Wu Jian
  4901 | D:6      | Found a snail-covered altar of Cheibriados.
  5130 | D:6      | Noticed Dowan
  5130 | D:6      | Noticed Duvessa
  5146 | D:6      | Reached skill level 5 in Throwing
  5185 | D:6      | Killed Duvessa
  5186 | D:6      | Reached skill level 9 in Unarmed Combat
  5205 | D:6      | Killed Dowan
  5349 | D:6      | Found a glowing silver altar of Zin.
  5349 | D:6      | Found a burning altar of Makhleb.
  5350 | D:6      | Noticed a green death
  5350 | D:6      | Noticed an angel
  6016 | D:7      | Found a broken altar of Ashenzari.
  6033 | D:7      | Found Atzuett's Weapon Boutique.
  6286 | D:8      | Noticed a two-headed ogre
  6709 | D:8      | Found a hide-covered altar of Uskayaw.
  6720 | D:8      | Reached XP level 10. HP: 77/98 MP: 9/9
  6984 | D:8      | Found a white marble altar of Elyvilon.
  7332 | D:8      | Found a bloodstained altar of Trog.
  7339 | D:8      | Found a glowing golden altar of the Shining One.
  7551 | D:9      | Reached skill level 10 in Unarmed Combat
  7777 | D:9      | Found a blossoming altar of Fedhas.
  7994 | D:9      | Noticed an orange crystal statue
  8207 | D:9      | Reached ***** piety under Wu Jian
  8772 | D:8      | Paralysed by a hornet for 3 turns
  9183 | D:10     | Entered Level 10 of the Dungeon
  9183 | D:10     | Noticed a two-headed ogre
  9259 | D:10     | Killed a two-headed ogre
  9366 | D:10     | Identified the +9 hand axe of Taerch {flame, Str+9}
  9384 | D:10     | Reached skill level 11 in Unarmed Combat
  9474 | D:10     | Found a flagged portal.
  9490 | Bailey   | Entered a bailey
  9687 | Bailey   | Noticed an orc knight
  9921 | Bailey   | Killed an orc knight
  9922 | Bailey   | Reached XP level 11. HP: 67/109 MP: 10/10
  9952 | Bailey   | Identified the +4 pair of boots "Muhob" {Harm rPois Int+2}
 10146 | D:10     | Found a sparkling altar of Nemelex Xobeh.
 10718 | D:2      | Killed Sigmund
 11089 | D:11     | Noticed Erolcha
 11148 | D:10     | Slain by a vampire

Illustrated notes

Levels and vault maps discovered:
D:1:      dpeg_arrival_windows_large_door, layout_loops_ring,
          minmay_fountain_box, st_stairs_10, dk_noncrumbling_3
D:2:      layout_basic, basic_altar, ebering_ecumenical_altar_box, uniq_sigmund
D:3:      layout_loops_ring, kennysheep_vampire_church,
          hellmonk_ghost_happy_afterlife, serial_bayou_lake_a, uniq_grinder
D:4:      layout_gridville, serial_bayou, serial_bayou_pond_d,
          serial_bayou_pond_a, serial_bayou_lagoon_b, serial_bayou_lagoon_a,
          uniq_robin
D:5:      layout_rooms, minmay_temple_entry_antechambers, skrybe_limestone_x,
          uniq_eustachio, uniq_pikel, uniq_blork_the_orc
D:6:      layout_loops_ring, grunt_temple_overflow_order_and_chaos_2,
          jmf_multi_god_temple2, uniq_duvessa
D:7:      layout_basic, kennysheep_mini, serial_shops, shop_statue
D:8:      layout_gridville, overflow_temple_1_default, minitemple,
          nicolae_elyvilon_peaceful_grove, chequers_serial_rivers_small_a,
          kennysheep_generic_room_3
D:9:      layout_stronghold, fedhas_bush_and_centaur_altar, disabler_island
D:10:     layout_rooms, amcnicky_altar_gilded, special_room [special_room_orc],
          enter_bailey_4, patterned_corridor
D:11:     layout_small_grid, erik_lair_orcish_takeover, nicolae_shop_gadgets,
          uniq_erolcha, uniq_sonja

Skill      XL: |  1  2  3  4  5  6  7  8  9 10 11 |
---------------+----------------------------------+-----
Fighting       | 3 4 5 6 7 |  7.1
Throwing       | 1 2 3 4 5 6 |  6.9
Dodging        | 3 4 5 6 7 |  7.0
Unarmed Combat | 4 5 7 8 9 11 | 11.4
Stealth        | |  1.0

Action                   |  1- 3 |  4- 6 |  7- 9 | 10-12 || total
-------------------------+-------+-------+-------+-------++-------
Melee: Unarmed           |    96 |    71 |   310 |   275 ||   752
       Punch             |     1 |     2 |    17 |    18 ||    38
Throw: Stone             |       |     1 |       |       ||     1
       Boomerang         |       |       |       |    16 ||    16
Invok: Lunge             |     1 |     9 |    14 |    24 ||    48
       Whirlwind         |       |     2 |    45 |    36 ||    83
       Serpent's Lash    |       |       |       |     1 ||     1
       Heavenly Storm    |       |       |       |     1 ||     1
 Abil: Wall Jump         |       |       |     4 |     2 ||     6
  Use: Scroll            |     1 |       |     3 |     6 ||    10
       Potion            |     1 |       |     1 |     3 ||     5
 Stab: Sleeping          |     2 |       |     3 |       ||     5
       Distracted        |       |       |     2 |       ||     2
Armor: Robe              |    34 |    36 |    56 |    69 ||   195
Dodge: Dodged            |    72 |    39 |   137 |   132 ||   380

Table legend: (Time is in decaauts)
 A = Elapsed time spent in this place.
 B = Non-inter-level travel time spent in this place.
 C = Inter-level travel time spent in this place.
 D = Time resting spent in this place.
 E = Time spent auto-exploring this place.
 F = Levels seen in this place.
 G = Mean time per level.
                   A        B        C        D        E       F      G
               +--------+--------+--------+--------+--------+-----+--------+
         Total |  11228 |  10160 |   1068 |   1886 |   5475 |  12 |  935.7 |
       Dungeon |  10617 |   9549 |   1068 |   1689 |   5350 |  11 |  965.2 |
        Bailey |    611 |    611 |      0 |    197 |    124 |   1 |  611.0 |
               +--------+--------+--------+--------+--------+-----+--------+

Top non-repeatable levels by time:
     D:3: 1507 daAuts
     D:8: 1485 daAuts
     D:9: 1466 daAuts
     D:6: 1120 daAuts
     D:4: 991 daAuts
     D:2: 922 daAuts
     D:7: 866 daAuts
     D:5: 803 daAuts
     D:1: 737 daAuts
    D:10: 699 daAuts
  Bailey: 611 daAuts
    D:11: 15 daAuts
